[ AOE2 MATCH · #458024291 ]
UnrankedKhmer vs Persians
[ REPLAY ANALYSIS · EXTRACTED FROM THE RECORDED GAME ]
Feudal
—
Castle
—
Imperial
—
| APM avg | 16.2 |
| APM peak | 73 |
| eAPM avg | 15.1 |
| Villagers / military | 95 / 1235 |
Focus
⚔️ 46.4% · 🌾 53.6%
Battle Elephant ×525 · Scout Cavalry ×460 · Ballista Elephant ×170 · Trade Cart ×65 · Spearman ×50 · Mangonel ×30
Feudal
—
Castle
—
Imperial
—
| APM avg | 40.7 |
| APM peak | 150 |
| eAPM avg | 35.9 |
| Villagers / military | 173 / 591 |
Focus
⚔️ 48.9% · 🌾 51.1%
Boyar ×317 · Scorpion ×133 · Mangonel ×105 · Trade Cart ×81 · Battering Ram ×33 · Trebuchet (Packed) ×3
Feudal
—
Castle
—
Imperial
—
| APM avg | 20.2 |
| APM peak | 42 |
| eAPM avg | 18.1 |
| Villagers / military | 146 / 1204 |
Focus
⚔️ 48.7% · 🌾 51.3%
Spearman ×520 · Knight ×405 · Trade Cart ×123 · Teutonic Knight ×110 · Trebuchet (Packed) ×48 · Militia ×35
Feudal
—
Castle
—
Imperial
—
| APM avg | 11.2 |
| APM peak | 62 |
| eAPM avg | 10.4 |
| Villagers / military | 180 / 866 |
Focus
⚔️ 49.3% · 🌾 50.7%
Spearman ×315 · War Elephant ×247 · Skirmisher ×218 · Trade Cart ×95 · Knight ×80 · Trebuchet (Packed) ×5
Feudal
—
Castle
—
Imperial
—
| APM avg | 15.9 |
| APM peak | 68 |
| eAPM avg | 14.8 |
| Villagers / military | 168 / 721 |
Focus
⚔️ 41.2% · 🌾 58.8%
War Elephant ×602 · Trade Cart ×170 · Mangonel ×69 · Battering Ram ×40 · Bombard Cannon ×10
Feudal
—
Castle
—
Imperial
—
| APM avg | 28.1 |
| APM peak | 95 |
| eAPM avg | 23.1 |
| Villagers / military | 105 / 1282 |
Focus
⚔️ 39.3% · 🌾 60.7%
Spearman ×430 · Ballista Elephant ×312 · Scout Cavalry ×250 · Scorpion ×230 · Trade Cart ×55 · Mangonel ×33
Feudal
—
Castle
—
Imperial
—
| APM avg | 14.3 |
| APM peak | 39 |
| eAPM avg | 13.9 |
| Villagers / military | 56 / 676 |
Focus
⚔️ 60.8% · 🌾 39.2%
Spearman ×280 · Monk ×205 · Chu Ko Nu ×71 · Scorpion ×60 · Iron Pagoda ×30 · Cavalry Archer ×30
Feudal
—
Castle
—
Imperial
—
| APM avg | 32.7 |
| APM peak | 123 |
| eAPM avg | 28.2 |
| Villagers / military | 150 / 853 |
Focus
⚔️ 26.1% · 🌾 73.9%
Coustillier ×402 · Spearman ×315 · Hand Cannoneer ×100 · Trade Cart ×87 · Bombard Cannon ×31 · Mangonel ×4
Match map
Initial resources + every placement click. Lines = walls · curves = elevation contours. ◆ gold · ⬟ stone · ● berries · ✦ relic · ◌ wall gap
Your base· ✓ Map-separated
Mauzic's base· ✓ Map-separated
michal.fodrek28's base· ✓ Map-separated
matus3689's base· ✓ Map-separated
大敵當前's base· ✓ Map-separated
carlitos-lion-pe's base· ✓ Map-separated
TTV PHOEBZ's base· ✓ Map-separated
tzutzu91's base· ✓ Map-separated
Smoothed initial terrain · ◌ = detected wall gap · hover for details
Inputs per minute
— Dani - - Mauzic
Build order — Dani
First 150 of 491 actions detected
| 0:04 | Create | Villager (Male) ×5 |
| 0:16 | Build | Town Center |
| 0:22 | Build | Town Center |
| 0:27 | Build | House |
| 0:28 | Build | House |
| 0:32 | Build | House |
| 0:53 | Build | Mining Camp |
| 0:57 | Build | Mining Camp |
| 1:05 | Build | Outpost |
| 1:12 | Build | Mining Camp |
| 1:24 | Build | Lumber Camp |
| 1:29 | Create | Villager (Male) ×5 |
| 1:30 | Create | Villager (Male) ×5 |
| 1:30 | Create | Villager (Male) ×5 |
| 1:30 | Create | Villager (Male) ×5 |
| 1:31 | Create | Villager (Male) ×5 |
| 1:37 | Build | House |
| 1:39 | Build | House |
| 1:40 | Build | House |
| 1:42 | Build | House |
| 1:44 | Build | House |
| 1:46 | Build | House |
| 1:48 | Build | House |
| 1:49 | Build | House |
| 1:50 | Build | House |
| 1:52 | Build | House |
| 1:57 | Build | House |
| 2:20 | Build | Lumber Camp |
| 2:27 | Build | Mining Camp |
| 2:34 | Build | Mining Camp |
| 3:13 | Build | Castle |
| 3:17 | Build | Castle |
| 3:20 | Build | Castle |
| 3:24 | Build | Castle |
| 3:28 | Build | Castle |
| 3:49 | Create | Villager (Male) ×5 |
| 3:49 | Create | Villager (Male) ×5 |
| 3:50 | Create | Villager (Male) ×5 |
| 3:50 | Create | Villager (Male) ×5 |
| 3:50 | Create | Villager (Male) ×5 |
| 4:04 | Build | Market |
| 4:13 | Build | Stone Wall |
| 4:16 | Build | Market |
| 4:19 | Build | Market |
| 4:22 | Build | Market |
| 4:40 | Build | Mining Camp |
| 5:12 | Build | Outpost |
| 5:17 | Build | Outpost |
| 5:24 | Build | Outpost |
| 5:30 | Build | House |
| 5:32 | Build | House |
| 5:34 | Build | House |
| 5:37 | Build | House |
| 5:39 | Build | House |
| 5:41 | Build | House |
| 5:43 | Build | House |
| 5:45 | Build | House |
| 5:49 | Build | House |
| 6:18 | Build | House |
| 6:20 | Build | House |
| 6:21 | Build | House |
| 6:23 | Build | House |
| 6:24 | Build | House |
| 6:26 | Build | House |
| 6:28 | Build | House |
| 6:30 | Build | House |
| 6:31 | Build | House |
| 6:48 | Build | Stable |
| 6:50 | Build | Stable |
| 6:51 | Build | Stable |
| 6:53 | Build | Stable |
| 7:06 | Build | Stable |
| 7:08 | Build | Stable |
| 7:11 | Build | Stable |
| 7:13 | Build | Stable |
| 7:14 | Build | Stable |
| 7:16 | Build | Stable |
| 7:18 | Build | Stable |
| 7:24 | Build | Stable |
| 7:26 | Build | Stable |
| 7:29 | Build | Stable |
| 7:30 | Build | Stable |
| 7:36 | Create | Villager (Male) ×5 |
| 7:36 | Create | Villager (Male) ×5 |
| 7:36 | Create | Villager (Male) ×5 |
| 7:46 | Build | Farm |
| 7:48 | Build | Farm |
| 7:51 | Build | Farm |
| 7:52 | Build | Farm |
| 7:54 | Build | Farm |
| 7:56 | Build | Farm |
| 7:58 | Build | Farm |
| 8:09 | Create | Trade Cart ×5 |
| 8:09 | Create | Trade Cart ×5 |
| 8:09 | Create | Trade Cart ×5 |
| 8:10 | Create | Trade Cart ×5 |
| 8:10 | Create | Trade Cart ×5 |
| 8:10 | Create | Trade Cart ×5 |
| 8:10 | Create | Trade Cart ×5 |
| 8:11 | Create | Trade Cart ×5 |
| 8:11 | Create | Trade Cart ×5 |
| 8:11 | Create | Trade Cart ×5 |
| 8:12 | Create | Trade Cart ×5 |
| 8:12 | Create | Trade Cart ×5 |
| 8:12 | Create | Trade Cart ×5 |
| 8:25 | Build | Lumber Camp |
| 9:17 | Build | Farm |
| 9:20 | Build | Farm |
| 9:22 | Build | Farm |
| 9:27 | Build | Farm |
| 9:30 | Build | Farm |
| 9:32 | Build | Farm |
| 9:33 | Build | Farm |
| 9:35 | Build | Farm |
| 9:38 | Build | Farm |
| 9:40 | Build | Farm |
| 9:42 | Build | Farm |
| 10:23 | Build | Castle |
| 10:37 | Build | Farm |
| 10:39 | Build | Farm |
| 10:41 | Build | Farm |
| 10:42 | Build | Farm |
| 10:57 | Build | Stable |
| 10:59 | Build | Stable |
| 11:02 | Build | Stable |
| 11:03 | Build | Stable |
| 11:18 | Build | Lumber Camp |
| 11:26 | Create | Villager (Male) ×5 |
| 11:26 | Create | Villager (Male) ×5 |
| 11:27 | Create | Villager (Male) ×5 |
| 11:27 | Create | Villager (Male) ×5 |
| 11:27 | Create | Villager (Male) ×5 |
| 11:38 | Build | Outpost |
| 11:40 | Build | House |
| 11:43 | Build | House |
| 11:45 | Build | House |
| 11:46 | Build | House |
| 11:48 | Build | House |
| 11:49 | Build | House |
| 11:51 | Build | House |
| 11:52 | Build | House |
| 11:53 | Build | House |
| 11:54 | Build | House |
| 12:25 | Build | Stable |
| 12:27 | Build | Stable |
| 12:29 | Build | Stable |
| 12:30 | Build | Stable |
| 12:34 | Build | Stable |
| 12:36 | Build | Stable |
| 12:38 | Build | Stable |
Build order — Mauzic
First 150 of 1121 actions detected
| 0:13 | Build | Town Center |
| 0:18 | Build | Town Center |
| 0:22 | Build | Town Center |
| 0:26 | Build | Town Center |
| 0:31 | Build | Town Center |
| 0:37 | Build | Town Center |
| 0:44 | Create | Villager (Male) |
| 0:45 | Create | Villager (Male) |
| 0:45 | Create | Villager (Male) |
| 0:45 | Create | Villager (Male) |
| 0:46 | Create | Villager (Male) |
| 1:00 | Build | Market |
| 1:03 | Build | Market |
| 1:19 | Build | House |
| 1:21 | Build | House |
| 1:22 | Build | House |
| 1:23 | Build | House |
| 1:29 | Build | House |
| 1:47 | Build | Market |
| 1:49 | Build | Market |
| 2:05 | Build | Market |
| 2:06 | Build | Market |
| 2:21 | Create | Villager (Male) |
| 2:21 | Create | Villager (Male) |
| 2:21 | Create | Villager (Male) |
| 2:22 | Create | Villager (Male) |
| 2:22 | Create | Villager (Male) |
| 2:22 | Create | Villager (Male) |
| 2:23 | Create | Villager (Male) |
| 2:25 | Build | Lumber Camp |
| 2:31 | Create | Villager (Male) |
| 2:32 | Create | Villager (Male) |
| 2:32 | Create | Villager (Male) |
| 2:32 | Create | Villager (Male) |
| 2:33 | Create | Villager (Male) |
| 2:33 | Create | Villager (Male) |
| 2:33 | Create | Villager (Male) |
| 2:33 | Create | Villager (Male) |
| 2:34 | Create | Villager (Male) |
| 2:34 | Create | Villager (Male) |
| 2:34 | Create | Villager (Male) |
| 2:35 | Create | Villager (Male) |
| 2:35 | Create | Villager (Male) |
| 2:35 | Create | Villager (Male) |
| 2:36 | Create | Villager (Male) |
| 2:36 | Create | Villager (Male) |
| 2:43 | Build | House |
| 2:44 | Build | House |
| 2:45 | Build | House |
| 2:46 | Build | House |
| 2:48 | Build | House |
| 2:48 | Build | House |
| 2:49 | Build | House |
| 2:50 | Build | House |
| 2:51 | Build | House |
| 2:52 | Build | House |
| 2:53 | Build | House |
| 2:54 | Build | House |
| 2:56 | Build | House |
| 2:57 | Build | House |
| 2:57 | Build | House |
| 2:59 | Build | House |
| 3:00 | Build | House |
| 3:02 | Build | House |
| 3:03 | Build | House |
| 3:04 | Build | House |
| 3:07 | Build | House |
| 3:08 | Build | House |
| 3:09 | Build | House |
| 3:10 | Build | House |
| 3:11 | Build | House |
| 3:12 | Build | House |
| 3:14 | Build | House |
| 3:15 | Build | House |
| 3:17 | Create | Villager (Male) |
| 3:17 | Create | Villager (Male) |
| 3:18 | Create | Villager (Male) |
| 3:18 | Create | Villager (Male) |
| 3:18 | Create | Villager (Male) |
| 3:18 | Create | Villager (Male) |
| 3:19 | Create | Villager (Male) |
| 3:19 | Create | Villager (Male) |
| 3:19 | Create | Villager (Male) |
| 3:20 | Create | Villager (Male) |
| 3:20 | Create | Villager (Male) |
| 3:20 | Create | Villager (Male) |
| 3:21 | Create | Villager (Male) |
| 3:21 | Create | Villager (Male) |
| 3:21 | Create | Villager (Male) |
| 3:22 | Create | Villager (Male) |
| 3:22 | Create | Villager (Male) |
| 3:22 | Create | Villager (Male) |
| 3:23 | Create | Villager (Male) |
| 3:23 | Create | Villager (Male) |
| 3:23 | Create | Villager (Male) |
| 3:24 | Create | Villager (Male) |
| 3:24 | Create | Villager (Male) |
| 3:24 | Create | Villager (Male) |
| 3:24 | Create | Villager (Male) |
| 3:33 | Build | Mining Camp |
| 3:38 | Build | Mining Camp |
| 3:41 | Create | Villager (Male) |
| 3:41 | Create | Villager (Male) |
| 3:42 | Create | Villager (Male) |
| 3:42 | Create | Villager (Male) |
| 3:42 | Create | Villager (Male) |
| 3:43 | Create | Villager (Male) |
| 3:43 | Create | Villager (Male) |
| 3:43 | Create | Villager (Male) |
| 3:44 | Create | Villager (Male) |
| 3:44 | Create | Villager (Male) |
| 3:44 | Create | Villager (Male) |
| 3:45 | Create | Villager (Male) |
| 3:52 | Build | Lumber Camp |
| 3:58 | Build | Lumber Camp |
| 4:07 | Create | Villager (Male) |
| 4:07 | Create | Villager (Male) |
| 4:07 | Create | Villager (Male) |
| 4:08 | Create | Villager (Male) |
| 4:08 | Create | Villager (Male) |
| 4:08 | Create | Villager (Male) |
| 4:09 | Create | Villager (Male) |
| 4:09 | Create | Villager (Male) |
| 4:10 | Create | Villager (Male) |
| 4:10 | Create | Villager (Male) |
| 4:10 | Create | Villager (Male) |
| 4:11 | Create | Villager (Male) |
| 4:21 | Create | Trade Cart |
| 4:21 | Create | Trade Cart |
| 4:21 | Create | Trade Cart |
| 4:22 | Create | Trade Cart |
| 4:22 | Create | Trade Cart |
| 4:23 | Create | Trade Cart |
| 4:23 | Create | Trade Cart |
| 4:23 | Create | Trade Cart |
| 4:23 | Create | Trade Cart |
| 4:24 | Create | Trade Cart |
| 4:24 | Create | Trade Cart |
| 4:25 | Create | Trade Cart |
| 4:25 | Create | Trade Cart |
| 4:25 | Create | Trade Cart |
| 4:26 | Create | Trade Cart |
| 4:26 | Create | Trade Cart |
| 4:27 | Create | Trade Cart |
| 4:27 | Create | Trade Cart |
| 4:43 | Build | Lumber Camp |
| 4:47 | Create | Villager (Male) |
| 4:47 | Create | Villager (Male) |
| 4:48 | Create | Villager (Male) |
| 4:48 | Create | Villager (Male) |
Build order — michal.fodrek28
First 150 of 522 actions detected
| 0:09 | Build | Farm |
| 0:12 | Build | Farm |
| 0:16 | Build | Farm |
| 0:20 | Build | Farm |
| 0:25 | Build | Farm |
| 0:39 | Build | Stable |
| 0:44 | Build | Stable |
| 0:46 | Build | Stable |
| 0:48 | Build | Stable |
| 0:49 | Build | Stable |
| 1:03 | Build | Town Center |
| 1:11 | Build | House |
| 1:12 | Build | House |
| 1:13 | Build | House |
| 1:15 | Build | House |
| 1:16 | Build | House |
| 1:17 | Build | House |
| 1:25 | Build | Monastery |
| 1:28 | Create | Villager (Male) ×5 |
| 1:28 | Create | Villager (Male) ×5 |
| 1:29 | Create | Villager (Male) ×5 |
| 1:29 | Create | Villager (Male) ×5 |
| 1:33 | Create | Scout Cavalry ×5 |
| 1:34 | Create | Knight ×5 |
| 1:34 | Create | Knight ×5 |
| 1:35 | Create | Knight ×5 |
| 1:35 | Create | Knight ×5 |
| 1:56 | Build | Town Center |
| 2:08 | Build | Mining Camp |
| 2:24 | Build | Mining Camp |
| 2:28 | Create | Villager (Male) ×5 |
| 2:28 | Create | Villager (Male) ×5 |
| 2:29 | Create | Villager (Male) ×5 |
| 2:29 | Create | Villager (Male) ×5 |
| 2:38 | Build | House |
| 2:46 | Build | House |
| 2:48 | Build | House |
| 2:49 | Build | House |
| 2:54 | Build | House |
| 2:59 | Build | Farm |
| 3:04 | Build | Farm |
| 3:08 | Create | Knight ×5 |
| 3:09 | Create | Knight ×5 |
| 3:10 | Create | Knight ×5 |
| 3:10 | Create | Knight ×5 |
| 3:18 | Build | Mining Camp |
| 3:24 | Build | Barracks |
| 3:25 | Build | Barracks |
| 3:26 | Build | Barracks |
| 3:27 | Build | Barracks |
| 3:29 | Build | Barracks |
| 3:30 | Build | Barracks |
| 3:31 | Build | Barracks |
| 3:34 | Build | Barracks |
| 3:35 | Build | Barracks |
| 3:41 | Build | Barracks |
| 3:46 | Create | Knight ×5 |
| 3:46 | Create | Knight ×5 |
| 3:47 | Create | Knight ×5 |
| 3:47 | Create | Knight ×5 |
| 3:52 | Build | Farm |
| 3:54 | Build | Farm |
| 3:56 | Build | Farm |
| 4:05 | Build | Town Center |
| 4:11 | Build | Town Center |
| 4:19 | Build | Farm |
| 4:23 | Create | Monk |
| 4:23 | Create | Monk |
| 4:25 | Create | Villager (Male) |
| 4:26 | Create | Villager (Male) ×5 |
| 4:26 | Create | Villager (Male) ×5 |
| 4:26 | Create | Villager (Male) ×4 |
| 4:32 | Build | House |
| 4:33 | Build | House |
| 4:34 | Build | House |
| 4:35 | Build | House |
| 4:38 | Build | House |
| 4:39 | Build | House |
| 4:41 | Build | House |
| 4:43 | Build | House |
| 4:44 | Build | House |
| 4:46 | Build | House |
| 4:56 | Build | Farm |
| 4:59 | Build | Farm |
| 5:03 | Build | Farm |
| 5:11 | Build | Lumber Camp |
| 5:20 | Create | Spearman ×5 |
| 5:20 | Create | Spearman ×5 |
| 5:21 | Create | Spearman ×5 |
| 5:21 | Create | Spearman ×5 |
| 5:21 | Create | Spearman ×5 |
| 5:22 | Create | Spearman ×5 |
| 5:22 | Create | Spearman ×5 |
| 5:23 | Create | Spearman ×5 |
| 5:39 | Build | Farm |
| 5:44 | Build | Mining Camp |
| 6:59 | Build | Town Center |
| 7:06 | Create | Villager (Male) ×5 |
| 7:06 | Create | Villager (Male) ×3 |
| 7:07 | Create | Villager (Male) ×3 |
| 7:44 | Create | Villager (Male) ×5 |
| 7:44 | Create | Villager (Male) ×5 |
| 7:50 | Build | House |
| 7:52 | Build | House |
| 7:53 | Build | House |
| 7:54 | Build | House |
| 7:56 | Build | House |
| 7:57 | Build | House |
| 7:58 | Build | House |
| 8:15 | Build | House |
| 8:17 | Build | House |
| 8:21 | Build | House |
| 8:23 | Build | House |
| 8:26 | Build | House |
| 8:28 | Create | Villager (Male) ×2 |
| 8:29 | Create | Villager (Male) ×2 |
| 8:41 | Create | Villager (Male) ×5 |
| 8:41 | Create | Villager (Male) ×5 |
| 8:42 | Create | Villager (Male) ×5 |
| 8:42 | Create | Villager (Male) ×5 |
| 8:57 | Build | House |
| 9:00 | Build | House |
| 9:02 | Build | House |
| 9:09 | Build | House |
| 9:11 | Build | House |
| 9:12 | Build | House |
| 9:13 | Build | House |
| 9:15 | Build | House |
| 9:17 | Build | House |
| 9:18 | Build | House |
| 9:20 | Create | Villager (Male) |
| 9:27 | Build | Farm |
| 9:52 | Build | Castle |
| 10:00 | Create | Spearman ×5 |
| 10:01 | Create | Spearman ×5 |
| 10:01 | Create | Spearman ×5 |
| 10:08 | Build | Mining Camp |
| 10:14 | Create | Villager (Male) ×5 |
| 10:15 | Create | Villager (Male) ×5 |
| 10:15 | Create | Villager (Male) ×5 |
| 10:56 | Build | Lumber Camp |
| 11:06 | Build | Mining Camp |
| 11:16 | Build | Archery Range |
| 11:20 | Build | House |
| 11:21 | Build | House |
| 11:23 | Build | House |
| 11:26 | Build | House |
| 11:31 | Build | House |
| 11:42 | Build | House |
| 11:43 | Build | House |
Build order — matus3689
First 150 of 411 actions detected
| 0:32 | Build | Castle |
| 0:37 | Create | Villager (Male) ×5 |
| 0:37 | Create | Villager (Male) ×5 |
| 0:37 | Create | Villager (Male) ×5 |
| 0:37 | Create | Villager (Male) ×5 |
| 0:49 | Build | Stable |
| 0:54 | Build | Monastery |
| 1:20 | Create | Monk |
| 1:45 | Build | House |
| 1:47 | Build | House |
| 1:49 | Build | House |
| 1:52 | Build | House |
| 1:54 | Build | House |
| 1:56 | Build | House |
| 1:57 | Build | House |
| 1:59 | Build | House |
| 2:01 | Build | House |
| 2:03 | Build | House |
| 2:05 | Build | House |
| 2:07 | Build | House |
| 2:09 | Build | House |
| 2:11 | Build | House |
| 2:13 | Build | House |
| 2:14 | Build | House |
| 2:16 | Build | House |
| 2:17 | Build | House |
| 2:24 | Build | Farm |
| 2:32 | Build | Town Center |
| 3:24 | Build | Mining Camp |
| 3:31 | Create | Villager (Male) ×5 |
| 3:31 | Create | Villager (Male) ×5 |
| 3:32 | Create | Villager (Male) ×5 |
| 3:32 | Create | Villager (Male) ×5 |
| 3:45 | Build | Town Center |
| 4:20 | Create | Villager (Male) ×5 |
| 4:20 | Create | Villager (Male) ×5 |
| 4:21 | Create | Villager (Male) ×5 |
| 4:21 | Create | Villager (Male) ×5 |
| 4:49 | Build | Town Center |
| 4:53 | Build | Farm |
| 5:14 | Build | Farm |
| 5:34 | Build | Farm |
| 5:53 | Build | Farm |
| 6:07 | Build | Mining Camp |
| 6:14 | Build | House |
| 6:15 | Build | House |
| 6:17 | Build | House |
| 6:19 | Build | House |
| 6:23 | Build | House |
| 6:24 | Build | House |
| 6:26 | Build | House |
| 6:28 | Build | House |
| 6:30 | Build | House |
| 6:31 | Build | House |
| 6:34 | Build | House |
| 6:36 | Build | House |
| 6:37 | Build | House |
| 6:40 | Build | House |
| 6:42 | Build | House |
| 6:43 | Build | House |
| 6:45 | Build | House |
| 6:49 | Build | House |
| 7:02 | Create | Villager (Male) ×5 |
| 7:02 | Create | Villager (Male) ×5 |
| 7:02 | Create | Villager (Male) ×5 |
| 7:03 | Create | Villager (Male) ×5 |
| 7:12 | Create | Villager (Male) ×5 |
| 7:13 | Create | Villager (Male) ×5 |
| 7:13 | Create | Villager (Male) ×5 |
| 7:13 | Create | Villager (Male) ×5 |
| 7:29 | Build | Farm |
| 8:07 | Build | Market |
| 8:15 | Build | Market |
| 8:31 | Build | Market |
| 8:35 | Build | Farm |
| 8:38 | Build | Farm |
| 8:42 | Build | Farm |
| 8:44 | Build | Farm |
| 8:48 | Build | Farm |
| 8:53 | Build | Farm |
| 8:57 | Build | Farm |
| 9:02 | Build | Farm |
| 9:19 | Build | Farm |
| 9:35 | Build | Farm |
| 9:41 | Build | Farm |
| 9:58 | Build | Farm |
| 10:02 | Build | Farm |
| 10:08 | Build | Farm |
| 10:16 | Build | Farm |
| 10:29 | Create | Villager (Male) ×5 |
| 10:30 | Create | Villager (Male) ×5 |
| 10:30 | Create | Villager (Male) ×5 |
| 10:30 | Create | Villager (Male) ×5 |
| 10:43 | Create | Villager (Male) ×5 |
| 10:44 | Create | Villager (Male) ×5 |
| 10:44 | Create | Villager (Male) ×5 |
| 10:44 | Create | Villager (Male) ×5 |
| 10:50 | Build | Farm |
| 10:54 | Build | Farm |
| 10:59 | Build | Farm |
| 11:03 | Build | Farm |
| 11:06 | Build | Farm |
| 11:14 | Build | House |
| 11:15 | Build | House |
| 11:17 | Build | House |
| 11:19 | Build | House |
| 11:22 | Build | House |
| 11:24 | Build | House |
| 11:25 | Build | House |
| 11:29 | Build | House |
| 11:31 | Build | House |
| 11:33 | Build | House |
| 11:37 | Build | House |
| 11:50 | Build | Mining Camp |
| 12:02 | Build | Lumber Camp |
| 12:07 | Build | Farm |
| 12:10 | Build | Farm |
| 12:13 | Build | Farm |
| 12:17 | Build | Farm |
| 12:21 | Build | Farm |
| 12:24 | Build | Farm |
| 12:28 | Build | Farm |
| 12:32 | Build | Farm |
| 12:53 | Build | Castle |
| 13:09 | Create | Villager (Male) ×5 |
| 13:09 | Create | Villager (Male) ×5 |
| 13:10 | Create | Villager (Male) ×5 |
| 13:10 | Create | Villager (Male) ×5 |
| 13:17 | Create | Villager (Male) ×5 |
| 13:17 | Create | Villager (Male) ×5 |
| 13:18 | Create | Villager (Male) ×5 |
| 13:18 | Create | Villager (Male) ×5 |
| 13:37 | Build | Farm |
| 13:46 | Build | Farm |
| 13:59 | Build | House |
| 14:01 | Build | House |
| 14:03 | Build | House |
| 14:04 | Build | House |
| 14:06 | Build | House |
| 14:17 | Build | Farm |
| 14:20 | Build | Farm |
| 14:24 | Build | Farm |
| 14:27 | Build | Farm |
| 14:39 | Build | Farm |
| 14:46 | Build | Farm |
| 14:59 | Build | Farm |
| 15:10 | Build | Farm |
| 15:19 | Build | House |
| 15:21 | Build | House |
| 15:36 | Build | Farm |
Build order — 大敵當前
First 150 of 422 actions detected
| 0:10 | Build | Castle |
| 0:13 | Create | Villager (Male) ×5 |
| 0:14 | Create | Villager (Male) ×5 |
| 0:14 | Create | Villager (Male) ×5 |
| 0:14 | Create | Villager (Male) ×5 |
| 0:51 | Build | Town Center |
| 0:54 | Build | Town Center |
| 0:56 | Build | Town Center |
| 1:30 | Build | House |
| 1:31 | Build | House |
| 1:32 | Build | House |
| 1:37 | Build | House |
| 1:39 | Build | House |
| 1:41 | Build | House |
| 1:45 | Build | House |
| 1:49 | Build | House |
| 1:51 | Build | House |
| 1:53 | Build | House |
| 1:55 | Build | House |
| 1:57 | Build | House |
| 1:58 | Build | House |
| 2:00 | Build | House |
| 2:03 | Build | House |
| 2:20 | Create | Villager (Male) ×5 |
| 2:23 | Create | Villager (Male) ×5 |
| 2:23 | Create | Villager (Male) ×5 |
| 2:23 | Create | Villager (Male) ×5 |
| 2:35 | Build | Town Center |
| 2:43 | Create | Villager (Male) ×5 |
| 2:43 | Create | Villager (Male) ×5 |
| 2:44 | Create | Villager (Male) ×5 |
| 2:44 | Create | Villager (Male) ×5 |
| 2:44 | Create | Villager (Male) ×3 |
| 3:00 | Build | Market |
| 3:18 | Build | Market |
| 3:20 | Build | Market |
| 3:21 | Build | Market |
| 3:24 | Build | Market |
| 3:32 | Create | Villager (Male) ×5 |
| 3:33 | Create | Villager (Male) ×5 |
| 3:33 | Create | Villager (Male) ×5 |
| 3:34 | Create | Villager (Male) ×5 |
| 3:42 | Build | Town Center |
| 3:45 | Create | Villager (Male) ×5 |
| 3:45 | Create | Villager (Male) ×5 |
| 3:46 | Create | Villager (Male) ×5 |
| 3:59 | Build | Market |
| 4:01 | Build | Market |
| 4:03 | Build | Market |
| 4:05 | Build | Market |
| 4:06 | Build | Market |
| 4:08 | Build | Market |
| 4:11 | Build | Market |
| 4:12 | Build | Market |
| 4:14 | Build | Market |
| 4:16 | Build | Market |
| 4:18 | Build | Market |
| 4:19 | Build | Market |
| 4:36 | Build | Town Center |
| 4:41 | Create | Villager (Male) ×5 |
| 4:41 | Create | Villager (Male) ×5 |
| 4:41 | Create | Villager (Male) ×5 |
| 4:52 | Build | Town Center |
| 4:58 | Build | Town Center |
| 5:12 | Create | Trade Cart ×5 |
| 5:12 | Create | Trade Cart ×5 |
| 5:18 | Create | Trade Cart ×5 |
| 5:18 | Create | Trade Cart ×5 |
| 5:32 | Build | Market |
| 5:34 | Build | Market |
| 5:36 | Build | Market |
| 5:38 | Build | Market |
| 5:39 | Build | Market |
| 5:40 | Build | Market |
| 5:42 | Build | Market |
| 5:44 | Build | Market |
| 5:46 | Build | Market |
| 5:48 | Build | Market |
| 5:52 | Create | Trade Cart ×5 |
| 5:52 | Create | Trade Cart ×5 |
| 6:07 | Create | Trade Cart ×5 |
| 6:07 | Create | Trade Cart ×5 |
| 6:33 | Build | Market |
| 6:38 | Create | Trade Cart ×5 |
| 6:38 | Create | Trade Cart ×5 |
| 6:52 | Create | Villager (Male) ×5 |
| 6:52 | Create | Villager (Male) ×5 |
| 6:58 | Build | Mining Camp |
| 7:03 | Build | Mining Camp |
| 7:09 | Build | Mining Camp |
| 7:20 | Build | Castle |
| 7:21 | Build | Castle |
| 7:24 | Build | Castle |
| 7:26 | Build | Castle |
| 7:39 | Build | House |
| 7:40 | Build | House |
| 7:42 | Build | House |
| 7:43 | Build | House |
| 7:45 | Build | House |
| 7:48 | Build | House |
| 7:50 | Build | House |
| 7:51 | Build | House |
| 7:53 | Build | House |
| 7:54 | Build | House |
| 7:57 | Build | House |
| 8:11 | Create | Villager (Male) ×5 |
| 8:11 | Create | Villager (Male) ×5 |
| 8:17 | Create | Trade Cart ×5 |
| 8:24 | Create | Trade Cart ×5 |
| 8:25 | Create | Trade Cart ×5 |
| 8:25 | Create | Trade Cart ×5 |
| 8:25 | Create | Trade Cart ×5 |
| 8:26 | Create | Trade Cart ×5 |
| 8:26 | Create | Trade Cart ×5 |
| 8:26 | Create | Trade Cart ×5 |
| 8:35 | Create | Trade Cart ×5 |
| 8:36 | Create | Trade Cart ×5 |
| 8:40 | Create | Trade Cart ×5 |
| 8:41 | Create | Trade Cart ×5 |
| 8:46 | Build | Siege Workshop |
| 8:49 | Build | Siege Workshop |
| 8:53 | Build | Siege Workshop |
| 8:55 | Build | Siege Workshop |
| 8:59 | Build | Siege Workshop |
| 9:01 | Build | Siege Workshop |
| 9:04 | Build | Siege Workshop |
| 9:18 | Create | Trade Cart ×5 |
| 9:18 | Create | Trade Cart ×5 |
| 9:18 | Create | Trade Cart ×5 |
| 9:19 | Create | Trade Cart ×5 |
| 9:19 | Create | Trade Cart ×5 |
| 9:19 | Create | Trade Cart ×5 |
| 9:33 | Build | Castle |
| 9:35 | Build | Castle |
| 10:00 | Build | Farm |
| 10:01 | Build | Farm |
| 10:05 | Build | Farm |
| 10:06 | Build | Farm |
| 10:08 | Build | Farm |
| 10:09 | Build | Farm |
| 10:10 | Build | Farm |
| 10:12 | Build | Farm |
| 10:14 | Build | Farm |
| 10:16 | Build | Farm |
| 10:17 | Build | Farm |
| 10:18 | Build | Farm |
| 10:20 | Build | Farm |
| 10:21 | Build | Farm |
| 10:22 | Build | Farm |
| 10:24 | Build | Farm |
Build order — carlitos-lion-pe
First 150 of 466 actions detected
| 0:10 | Build | Town Center |
| 0:19 | Build | Town Center |
| 0:21 | Create | Villager (Male) |
| 0:22 | Create | Villager (Male) |
| 0:22 | Create | Villager (Male) |
| 0:22 | Create | Villager (Male) |
| 0:22 | Create | Villager (Male) |
| 0:23 | Create | Villager (Male) |
| 0:23 | Create | Villager (Male) |
| 0:33 | Build | Town Center |
| 0:46 | Build | Town Center |
| 0:49 | Create | Villager (Male) |
| 0:49 | Create | Villager (Male) |
| 1:10 | Build | Market |
| 1:18 | Build | Market |
| 1:27 | Build | Market |
| 1:33 | Create | Villager (Male) ×5 |
| 1:34 | Create | Villager (Male) ×5 |
| 1:45 | Build | Mining Camp |
| 1:55 | Create | Villager (Male) ×5 |
| 1:56 | Create | Villager (Male) ×5 |
| 1:56 | Create | Villager (Male) ×5 |
| 1:56 | Create | Villager (Male) ×5 |
| 1:56 | Create | Villager (Male) ×5 |
| 1:57 | Create | Villager (Male) ×5 |
| 1:57 | Create | Villager (Male) ×5 |
| 1:57 | Create | Villager (Male) ×5 |
| 1:57 | Create | Villager (Male) ×5 |
| 1:58 | Create | Villager (Male) ×5 |
| 1:58 | Create | Villager (Male) ×5 |
| 1:58 | Create | Villager (Male) ×5 |
| 1:58 | Create | Villager (Male) ×4 |
| 1:59 | Create | Villager (Male) ×2 |
| 2:13 | Build | Lumber Camp |
| 2:23 | Create | Trade Cart ×5 |
| 2:24 | Create | Trade Cart ×5 |
| 2:24 | Create | Trade Cart ×5 |
| 2:25 | Create | Trade Cart ×5 |
| 2:25 | Create | Trade Cart ×5 |
| 2:25 | Create | Trade Cart ×5 |
| 2:40 | Build | Mining Camp |
| 2:53 | Build | Lumber Camp |
| 3:01 | Create | Trade Cart ×5 |
| 3:01 | Create | Trade Cart ×5 |
| 3:01 | Create | Trade Cart ×5 |
| 3:01 | Create | Trade Cart ×5 |
| 3:02 | Create | Trade Cart ×5 |
| 3:16 | Build | Lumber Camp |
| 3:38 | Build | House |
| 3:41 | Build | House |
| 3:43 | Build | House |
| 3:45 | Build | House |
| 3:56 | Build | House |
| 3:58 | Build | House |
| 4:00 | Build | House |
| 4:03 | Build | House |
| 4:11 | Build | Mining Camp |
| 4:27 | Build | House |
| 4:36 | Build | House |
| 4:38 | Build | House |
| 4:40 | Build | House |
| 4:43 | Build | House |
| 4:45 | Build | House |
| 4:47 | Build | House |
| 4:51 | Build | House |
| 4:53 | Build | House |
| 4:57 | Build | House |
| 4:59 | Build | House |
| 5:02 | Build | House |
| 5:14 | Build | House |
| 5:29 | Build | Mining Camp |
| 6:01 | Build | Lumber Camp |
| 6:18 | Build | Monastery |
| 6:29 | Build | Lumber Camp |
| 6:41 | Build | Lumber Camp |
| 6:51 | Build | Lumber Camp |
| 7:01 | Build | Lumber Camp |
| 7:07 | Create | Monk |
| 7:08 | Create | Monk |
| 7:08 | Create | Monk |
| 7:20 | Build | Farm |
| 7:44 | Build | House |
| 7:48 | Build | House |
| 7:51 | Build | House |
| 7:53 | Build | House |
| 7:55 | Build | House |
| 7:57 | Build | House |
| 7:59 | Build | House |
| 8:02 | Build | House |
| 8:05 | Build | House |
| 8:23 | Build | Lumber Camp |
| 8:51 | Build | Farm |
| 8:55 | Build | Farm |
| 8:59 | Build | Farm |
| 9:03 | Build | Farm |
| 9:06 | Build | Farm |
| 9:08 | Build | Farm |
| 9:10 | Build | Farm |
| 9:13 | Build | Farm |
| 9:15 | Build | Farm |
| 9:57 | Build | Mining Camp |
| 10:20 | Create | Villager (Male) ×5 |
| 10:21 | Create | Villager (Male) ×5 |
| 10:21 | Create | Villager (Male) ×5 |
| 10:21 | Create | Villager (Male) ×5 |
| 10:38 | Build | Lumber Camp |
| 11:03 | Build | Stone Wall |
| 11:21 | Build | Mining Camp |
| 12:18 | Build | Castle |
| 12:24 | Build | Castle |
| 12:29 | Build | Castle |
| 12:42 | Build | Castle |
| 13:01 | Build | Farm |
| 13:04 | Build | Farm |
| 13:06 | Build | Farm |
| 13:09 | Build | Farm |
| 13:12 | Build | Farm |
| 13:16 | Build | Farm |
| 13:19 | Build | Farm |
| 13:43 | Build | House |
| 13:45 | Build | House |
| 13:47 | Build | House |
| 13:49 | Build | House |
| 13:50 | Build | House |
| 13:51 | Build | House |
| 13:55 | Build | House |
| 13:56 | Build | House |
| 13:59 | Build | House |
| 14:01 | Build | House |
| 14:02 | Build | House |
| 14:03 | Build | House |
| 14:05 | Build | House |
| 14:06 | Build | House |
| 14:08 | Build | House |
| 14:11 | Build | House |
| 14:12 | Build | House |
| 14:13 | Build | House |
| 14:15 | Build | House |
| 14:54 | Build | Castle |
| 14:59 | Build | Castle |
| 15:05 | Build | Castle |
| 15:40 | Build | Lumber Camp |
| 15:52 | Build | Farm |
| 15:54 | Build | Farm |
| 15:57 | Build | Farm |
| 16:01 | Build | Farm |
| 16:04 | Build | Farm |
| 16:07 | Build | Farm |
| 16:09 | Build | Farm |
| 16:56 | Build | Lumber Camp |
Build order — TTV PHOEBZ
First 150 of 336 actions detected
| 0:06 | Build | House |
| 0:09 | Build | House |
| 0:24 | Build | Lumber Camp |
| 0:54 | Build | Mining Camp |
| 0:57 | Create | Villager (Male) |
| 1:24 | Build | Market |
| 1:37 | Create | Villager (Male) |
| 1:38 | Create | Villager (Male) |
| 2:01 | Build | Blacksmith |
| 2:09 | Build | University |
| 2:11 | Create | Villager (Male) |
| 2:17 | Build | Town Center |
| 2:46 | Create | Villager (Male) |
| 3:15 | Build | Town Center |
| 3:57 | Create | Villager (Male) |
| 3:58 | Create | Villager (Male) |
| 4:24 | Create | Villager (Male) |
| 4:32 | Build | Farm |
| 4:43 | Create | Villager (Male) |
| 4:56 | Build | Monastery |
| 5:00 | Build | Barracks |
| 5:02 | Build | Barracks |
| 5:04 | Build | Barracks |
| 5:05 | Build | Barracks |
| 5:19 | Build | Farm |
| 5:29 | Build | Town Center |
| 5:56 | Create | Villager (Male) |
| 5:56 | Create | Villager (Male) |
| 6:07 | Create | Villager (Male) |
| 6:07 | Create | Villager (Male) |
| 6:07 | Create | Villager (Male) |
| 6:08 | Create | Villager (Male) |
| 6:13 | Create | Monk |
| 6:14 | Create | Monk |
| 6:28 | Create | Villager (Male) |
| 6:28 | Create | Villager (Male) |
| 6:29 | Create | Villager (Male) |
| 6:36 | Build | Farm |
| 6:50 | Create | Villager (Male) |
| 6:50 | Create | Villager (Male) |
| 6:51 | Create | Villager (Male) |
| 6:51 | Create | Villager (Male) |
| 6:57 | Create | Villager (Male) |
| 7:02 | Build | Farm |
| 7:11 | Create | Spearman ×5 |
| 7:11 | Create | Spearman ×5 |
| 7:12 | Create | Spearman ×5 |
| 7:12 | Create | Spearman ×5 |
| 7:12 | Create | Spearman ×5 |
| 7:47 | Build | Farm |
| 8:06 | Create | Villager (Male) |
| 8:06 | Create | Villager (Male) |
| 8:06 | Create | Villager (Male) |
| 8:07 | Create | Villager (Male) |
| 8:38 | Create | Villager (Male) |
| 8:38 | Create | Villager (Male) |
| 8:38 | Create | Villager (Male) |
| 8:53 | Build | Farm |
| 8:56 | Build | Farm |
| 8:59 | Build | Farm |
| 9:03 | Build | Farm |
| 9:15 | Create | Spearman ×5 |
| 9:16 | Create | Spearman ×5 |
| 9:16 | Create | Spearman ×5 |
| 9:16 | Create | Spearman ×5 |
| 9:32 | Create | Spearman ×5 |
| 9:32 | Create | Spearman ×5 |
| 9:33 | Create | Spearman ×5 |
| 9:37 | Build | Barracks |
| 9:39 | Build | Barracks |
| 9:51 | Build | House |
| 9:53 | Build | House |
| 9:55 | Build | House |
| 9:56 | Build | House |
| 10:02 | Create | Villager (Male) |
| 10:02 | Create | Villager (Male) |
| 10:03 | Create | Villager (Male) |
| 10:27 | Create | Trade Cart |
| 10:28 | Create | Trade Cart |
| 10:28 | Create | Trade Cart |
| 10:28 | Create | Trade Cart |
| 10:29 | Create | Trade Cart |
| 10:29 | Create | Trade Cart |
| 10:39 | Build | House |
| 10:40 | Build | House |
| 10:41 | Build | House |
| 10:42 | Build | House |
| 10:43 | Build | House |
| 10:54 | Build | Castle |
| 11:25 | Create | Villager (Male) |
| 11:26 | Create | Villager (Male) |
| 11:27 | Create | Villager (Male) |
| 11:57 | Build | Farm |
| 12:14 | Build | Mining Camp |
| 12:16 | Create | Spearman ×5 |
| 12:17 | Create | Spearman ×5 |
| 12:17 | Create | Spearman ×5 |
| 12:30 | Build | Castle |
| 12:40 | Create | Trade Cart |
| 12:40 | Create | Trade Cart |
| 12:41 | Create | Trade Cart |
| 12:41 | Create | Trade Cart |
| 12:41 | Create | Trade Cart |
| 13:04 | Build | Farm |
| 13:16 | Build | Castle |
| 13:21 | Create | Chu Ko Nu |
| 13:21 | Create | Chu Ko Nu |
| 13:21 | Create | Chu Ko Nu |
| 13:21 | Create | Chu Ko Nu |
| 13:22 | Create | Chu Ko Nu |
| 13:22 | Create | Chu Ko Nu |
| 13:22 | Create | Chu Ko Nu |
| 13:22 | Create | Chu Ko Nu |
| 13:23 | Create | Chu Ko Nu |
| 13:23 | Create | Chu Ko Nu |
| 13:23 | Create | Chu Ko Nu |
| 13:23 | Create | Chu Ko Nu |
| 13:24 | Create | Chu Ko Nu |
| 13:24 | Create | Chu Ko Nu |
| 13:24 | Create | Chu Ko Nu |
| 13:24 | Create | Chu Ko Nu |
| 13:25 | Create | Chu Ko Nu |
| 13:35 | Create | Villager (Male) |
| 13:36 | Create | Villager (Male) |
| 14:02 | Build | Siege Workshop |
| 14:04 | Build | Siege Workshop |
| 14:05 | Build | Siege Workshop |
| 14:06 | Build | Siege Workshop |
| 14:23 | Create | Villager (Male) |
| 14:23 | Create | Villager (Male) |
| 14:24 | Create | Villager (Male) |
| 14:24 | Create | Villager (Male) |
| 14:47 | Build | Castle |
| 14:59 | Create | Villager (Male) |
| 14:59 | Create | Villager (Male) |
| 14:59 | Create | Villager (Male) |
| 15:06 | Build | Mining Camp |
| 15:17 | Build | Mining Camp |
| 15:21 | Create | Chu Ko Nu ×5 |
| 15:22 | Create | Chu Ko Nu ×5 |
| 15:22 | Create | Chu Ko Nu ×5 |
| 15:22 | Create | Chu Ko Nu ×5 |
| 15:28 | Create | Chu Ko Nu ×5 |
| 15:28 | Create | Chu Ko Nu ×5 |
| 15:31 | Create | Chu Ko Nu ×5 |
| 15:31 | Create | Chu Ko Nu ×5 |
| 15:31 | Create | Chu Ko Nu ×5 |
| 15:52 | Build | Siege Workshop |
| 15:53 | Build | Siege Workshop |
| 15:57 | Create | Iron Pagoda ×5 |
Build order — tzutzu91
First 150 of 619 actions detected
| 0:02 | Create | Villager (Male) |
| 0:03 | Create | Villager (Male) |
| 0:03 | Create | Villager (Male) |
| 0:04 | Build | House |
| 0:06 | Build | House |
| 0:08 | Build | House |
| 0:12 | Build | Lumber Camp |
| 0:21 | Build | Town Center |
| 0:27 | Build | Town Center |
| 0:32 | Build | Town Center |
| 0:54 | Build | Market |
| 0:57 | Build | Market |
| 1:03 | Build | Market |
| 1:04 | Create | Villager (Male) |
| 1:05 | Create | Villager (Male) |
| 1:05 | Create | Villager (Male) |
| 1:06 | Create | Villager (Male) |
| 1:06 | Create | Villager (Male) |
| 1:10 | Build | Town Center |
| 1:19 | Build | House |
| 1:20 | Build | House |
| 1:22 | Build | House |
| 1:23 | Build | House |
| 1:24 | Build | House |
| 1:25 | Build | House |
| 1:26 | Build | House |
| 1:27 | Build | House |
| 1:28 | Build | House |
| 1:29 | Build | House |
| 1:30 | Build | House |
| 1:30 | Build | House |
| 1:32 | Create | Villager (Male) |
| 1:32 | Create | Villager (Male) |
| 1:32 | Create | Villager (Male) |
| 1:33 | Create | Villager (Male) |
| 1:33 | Create | Villager (Male) |
| 1:36 | Create | Trade Cart |
| 1:36 | Create | Trade Cart |
| 1:37 | Create | Trade Cart |
| 1:59 | Create | Villager (Male) |
| 1:59 | Create | Villager (Male) |
| 2:01 | Build | Farm |
| 2:02 | Build | Farm |
| 2:04 | Build | Farm |
| 2:05 | Build | Farm |
| 2:07 | Create | Villager (Male) |
| 2:07 | Create | Villager (Male) |
| 2:08 | Create | Villager (Male) |
| 2:12 | Build | Farm |
| 2:20 | Build | Mining Camp |
| 2:26 | Create | Villager (Male) |
| 2:28 | Build | Mining Camp |
| 2:30 | Create | Villager (Male) |
| 2:30 | Create | Villager (Male) |
| 2:31 | Create | Villager (Male) |
| 2:33 | Build | Farm |
| 2:39 | Build | Farm |
| 2:40 | Build | Farm |
| 2:41 | Build | Farm |
| 2:44 | Create | Villager (Male) |
| 2:44 | Create | Villager (Male) |
| 2:45 | Create | Villager (Male) |
| 2:45 | Create | Villager (Male) |
| 2:46 | Create | Villager (Male) |
| 2:46 | Create | Villager (Male) |
| 2:47 | Create | Villager (Male) |
| 2:47 | Create | Villager (Male) |
| 2:47 | Create | Villager (Male) |
| 2:48 | Create | Villager (Male) |
| 2:48 | Create | Villager (Male) |
| 2:53 | Build | Farm |
| 2:54 | Build | Farm |
| 3:02 | Build | Farm |
| 3:02 | Build | Farm |
| 3:06 | Build | Farm |
| 3:07 | Build | Farm |
| 3:09 | Build | Farm |
| 3:10 | Build | Farm |
| 4:08 | Create | Villager (Male) |
| 4:09 | Create | Villager (Male) |
| 4:09 | Create | Villager (Male) |
| 4:10 | Create | Villager (Male) |
| 4:10 | Create | Villager (Male) |
| 4:11 | Create | Villager (Male) |
| 4:11 | Create | Villager (Male) |
| 4:11 | Create | Villager (Male) |
| 4:12 | Create | Villager (Male) |
| 4:24 | Build | Farm |
| 4:25 | Build | Farm |
| 4:26 | Build | Farm |
| 4:27 | Build | Farm |
| 4:40 | Create | Trade Cart |
| 4:40 | Create | Trade Cart |
| 4:41 | Create | Trade Cart |
| 4:41 | Create | Trade Cart |
| 4:41 | Create | Trade Cart |
| 4:42 | Create | Trade Cart |
| 4:55 | Create | Villager (Male) |
| 4:56 | Create | Villager (Male) |
| 4:57 | Create | Villager (Male) |
| 4:58 | Build | Farm |
| 5:00 | Build | Farm |
| 5:01 | Build | Farm |
| 5:04 | Build | Farm |
| 5:05 | Build | Farm |
| 5:12 | Build | Barracks |
| 5:13 | Build | Barracks |
| 5:14 | Build | Barracks |
| 5:15 | Build | Barracks |
| 5:17 | Build | Barracks |
| 5:19 | Build | Barracks |
| 5:26 | Build | House |
| 5:27 | Build | House |
| 5:29 | Build | House |
| 5:30 | Build | House |
| 5:31 | Build | House |
| 5:32 | Build | House |
| 5:33 | Create | Villager (Male) |
| 5:34 | Create | Villager (Male) |
| 5:34 | Create | Villager (Male) |
| 5:34 | Create | Villager (Male) |
| 5:59 | Create | Villager (Male) |
| 6:00 | Create | Villager (Male) |
| 6:02 | Build | Town Center |
| 6:09 | Build | Farm |
| 6:10 | Build | Farm |
| 6:12 | Build | Farm |
| 6:16 | Build | Farm |
| 6:17 | Create | Villager (Male) |
| 6:18 | Create | Villager (Male) |
| 6:18 | Create | Villager (Male) |
| 6:24 | Build | Farm |
| 6:24 | Build | Farm |
| 6:24 | Build | Farm |
| 6:27 | Build | Farm |
| 6:40 | Create | Trade Cart ×5 |
| 6:40 | Create | Trade Cart ×5 |
| 6:40 | Create | Trade Cart ×5 |
| 6:41 | Create | Trade Cart ×5 |
| 6:42 | Create | Trade Cart ×5 |
| 6:43 | Create | Villager (Male) |
| 6:44 | Create | Villager (Male) |
| 6:47 | Build | House |
| 6:47 | Build | House |
| 6:49 | Build | House |
| 6:50 | Build | House |
| 6:51 | Build | House |
| 6:53 | Build | House |
| 7:02 | Build | Barracks |
| 7:13 | Build | Barracks |
Match timeline
| 0:10 | 大敵當前 · first_building Castle |
| 0:32 | matus3689 · first_building Castle |
| 0:39 | michal.fodrek28 · first_building Stable |
| 0:49 | matus3689 · first_building Stable |
| 0:54 | matus3689 · first_building Monastery |
| 1:25 | michal.fodrek28 · first_building Monastery |
| 1:48 | tzutzu91 · first_market_sell 100 stone |
| 3:13 | Dani · first_building Castle |
| 3:24 | michal.fodrek28 · first_building Barracks |
| 4:13 | Dani · wall_segment Stone Wall x7 |
| 4:56 | TTV PHOEBZ · first_building Monastery |
| 5:00 | TTV PHOEBZ · first_building Barracks |
| 5:12 | tzutzu91 · first_building Barracks |
| 6:18 | carlitos-lion-pe · first_building Monastery |
| 6:48 | Dani · first_building Stable |
| 8:19 | tzutzu91 · first_building Castle |
| 8:45 | tzutzu91 · first_building Stable |
| 8:46 | 大敵當前 · first_building Siege Workshop |
| 9:52 | michal.fodrek28 · first_building Castle |
| 10:54 | TTV PHOEBZ · first_building Castle |
| 11:03 | carlitos-lion-pe · wall_segment Stone Wall x15 |
| 11:16 | michal.fodrek28 · first_building Archery Range |
| 12:18 | carlitos-lion-pe · first_building Castle |
| 12:29 | Mauzic · wall_segment Stone Wall x118 |
| 13:11 | Mauzic · wall_segment Stone Wall x10 |
| 13:17 | Mauzic · wall_segment Stone Wall x27 |
| 13:22 | Mauzic · wall_segment Stone Wall x6 |
| 13:48 | tzutzu91 · first_building Archery Range |
| 14:02 | TTV PHOEBZ · first_building Siege Workshop |
| 14:40 | Mauzic · first_building Castle |
| 14:58 | Mauzic · wall_segment Stone Wall x64 |
| 16:20 | michal.fodrek28 · first_building Siege Workshop |
| 16:31 | Dani · first_building Barracks |
| 16:57 | Mauzic · wall_segment Stone Wall x5 |
| 17:28 | tzutzu91 · first_building Monastery |
| 17:34 | Mauzic · first_building Siege Workshop |
| 17:45 | carlitos-lion-pe · first_building Siege Workshop |
| 18:03 | Mauzic · wall_segment Stone Wall x1 |
| 18:54 | matus3689 · first_building Archery Range |
| 19:00 | Mauzic · wall_segment Stone Wall x32 |
| 19:31 | Mauzic · wall_segment Stone Wall x8 |
| 19:37 | Mauzic · wall_segment Stone Wall x14 |
| 19:42 | Mauzic · wall_segment Stone Wall x7 |
| 19:44 | tzutzu91 · first_building Siege Workshop |
| 19:52 | Mauzic · wall_segment Stone Wall x7 |
| 20:01 | Mauzic · wall_segment Stone Wall x28 |
| 20:05 | matus3689 · first_building Siege Workshop |
| 20:13 | carlitos-lion-pe · first_building Barracks |
| 22:00 | TTV PHOEBZ · first_building Archery Range |
| 22:04 | matus3689 · first_building Barracks |
| 22:52 | carlitos-lion-pe · wall_segment Stone Wall x16 |
| 24:46 | 大敵當前 · tribute_sent a jugador 1 |
| 24:46 | 大敵當前 · tribute_sent a jugador 2 |
| 24:46 | 大敵當前 · tribute_sent a jugador 3 |
| 24:46 | 大敵當前 · tribute_sent a jugador 5 |
| 24:46 | 大敵當前 · tribute_sent a jugador 6 |
| 24:46 | 大敵當前 · tribute_sent a jugador 7 |
| 24:46 | 大敵當前 · tribute_sent a jugador 8 |
| 24:47 | carlitos-lion-pe · first_building Stable |
| 25:08 | Mauzic · wall_segment Stone Wall x15 |
| 29:10 | Dani · wall_segment Stone Wall x10 |
| 35:25 | carlitos-lion-pe · wall_segment Stone Wall x20 |
| 38:21 | Dani · first_building Siege Workshop |
| 44:33 | matus3689 · wall_segment Stone Wall x3 |
| 44:52 | 大敵當前 · wall_segment Stone Wall x14 |
| 45:30 | matus3689 · wall_segment Stone Wall x4 |
| 46:03 | matus3689 · wall_segment Stone Wall x4 |
| 46:37 | 大敵當前 · tribute_sent a jugador 1 |
| 46:37 | 大敵當前 · tribute_sent a jugador 2 |
| 46:37 | 大敵當前 · tribute_sent a jugador 3 |
| 46:37 | 大敵當前 · tribute_sent a jugador 5 |
| 46:37 | 大敵當前 · tribute_sent a jugador 6 |
| 46:37 | 大敵當前 · tribute_sent a jugador 7 |
| 46:37 | 大敵當前 · tribute_sent a jugador 8 |
| 46:40 | michal.fodrek28 · first_market_sell 500 food |
| 46:55 | carlitos-lion-pe · first_market_sell 500 wood |
| 48:01 | michal.fodrek28 · wall_segment Palisade Wall x1 |
| 51:33 | 大敵當前 · first_market_buy 500 stone |
| 51:57 | 大敵當前 · wall_segment Stone Wall x44 |
| 52:53 | TTV PHOEBZ · resign |
[ AI ANALYSIS · 1 CREDIT ]
What really happened in this match?
Wolo.gg analyzes every decision: build order, eco, micro, common mistakes by bracket. Personalized analysis on WhatsApp or Discord in 30 seconds.
Civ guide
Khmer
Map guide
Michi
Perfil
Jugador #1864800